AoeStats
← NDF

Black Forest

507613262Analyzed
2v2 RM · 12d ago on Sep 19, 2026· 68m 55s· 4 players
Game mode
Random Map
Map size
Medium (4 player)
Population
200
Speed
Normal
Resources
Standard
Victory
Conquest
Starting age
Dark Age
Ending age
Imperial Age
RankedLock teamsTeams togetherTeam positionsShared explorationLock speedFull tech treeHidden civsTurbo modeCheats
Victory
Defeat
🇮🇳 Celts · India
712
+17
🇨🇱 Chinese · Chile
703
+17
🇦🇷 Mongols · Argentina
734
-17
🇦🇷 Spanish · Argentina
734
-17
neville_longbottom
0:47 Loom
15:44 Feudal Age
18:26 Double-Bit Axe
18:47 Horse Collar
25:14 Castle Age
23:10 Gold Mining
32:59 Fortified Wall
32:40 Heated Shot
36:13 Gold Shaft Mining
35:29 Stone Mining
35:46 Heavy Plow
38:24 Imperial Age
39:39 Wheelbarrow
38:49 Town Watch
40:12 Ballistics
40:09 Bow Saw
41:30 Hand Cart
42:21 Stone Shaft Mining
43:21 Onager
45:49 Furor Celtica
45:30 Stronghold
46:02 Conscription
49:50 Chemistry
48:48 Murder Holes
48:36 Siege Onager
51:17 Heavy Scorpion
55:42 Pikeman
56:08 Arson
56:08 Gambesons
61:57 Capped Ram
62:58 Devotion
64:05 Siege Ram
Amodeperras
0:48 Loom
11:33 Feudal Age
12:55 Wheelbarrow
12:04 Horse Collar
12:12 Double-Bit Axe
18:36 Wheelbarrow
24:47 Castle Age
22:59 Gold Mining
24:42 Fletching
24:53 Padded Archer Armor
26:06 Hand Cart
26:05 Bow Saw
25:29 Man-at-Arms
26:24 Scale Mail Armor
27:36 Long Swordsman
29:23 Crossbowman
30:23 Forging
30:09 Bodkin Arrow
30:32 Town Watch
31:32 Gold Shaft Mining
31:04 Arson
35:43 Iron Casting
39:53 Squires
42:20 Ballistics
42:24 Caravan
45:16 Imperial Age
43:47 Town Patrol
44:56 Masonry
44:58 Fortified Wall
44:45 Stone Mining
44:49 Pikeman
45:38 Thumb Ring
44:54 Elite Skirmisher
45:53 Leather Archer Armor
45:53 Chain Mail Armor
47:03 Architecture
48:40 Stone Shaft Mining
48:09 Heavy Plow
49:26 Two-Man Saw
49:38 Bracer
50:09 Ring Archer Armor
50:39 Blast Furnace
50:09 Plate Mail Armor
49:56 Careening
52:34 Careening
52:48 Shipwright
52:26 Murder Holes
54:25 Chemistry
54:37 Blast Furnace
54:08 Plate Mail Armor
56:11 Conscription
56:24 Rocketry
55:32 Elite Chu Ko Nu
56:20 Great Wall
55:44 Halberdier
55:46 Two-Handed Swordsman
57:23 Scale Barding Armor
62:41 Capped Ram
63:14 Arbalester
63:47 Siege Ram
NDF
3:20 Loom
12:41 Feudal Age
21:36 Castle Age
19:31 Man-at-Arms
20:47 Double-Bit Axe
20:46 Horse Collar
21:36 Gold Mining
24:02 Padded Archer Armor
23:53 Fletching
24:15 Forging
24:54 Stone Mining
27:00 Bow Saw
28:40 Stone Shaft Mining
28:12 Scale Mail Armor
30:00 Scale Barding Armor
32:09 Wheelbarrow
31:20 Town Watch
32:24 Gold Shaft Mining
32:44 Heavy Plow
34:18 Arson
34:34 Squires
36:06 Chain Barding Armor
40:40 Imperial Age
38:28 Hand Cart
40:43 Capped Ram
41:32 Nomads
41:03 Sappers
42:28 Siege Ram
44:07 Elite Mangudai
45:21 Masonry
45:36 Leather Archer Armor
46:56 Hoardings
50:20 Ballistics
51:01 Chemistry
50:55 Elite Steppe Lancer
53:33 Iron Casting
52:54 Bodkin Arrow
55:57 Light Cavalry
55:59 Cavalier
56:40 Husbandry
estebanpa
1:14 Loom
11:48 Feudal Age
12:20 Double-Bit Axe
20:06 Castle Age
19:05 Horse Collar
21:19 Wheelbarrow
20:33 Town Watch
21:50 Scale Mail Armor
21:57 Gold Mining
22:35 Heavy Plow
25:46 Squires
25:10 Pikeman
29:11 Forging
29:16 Chain Mail Armor
30:44 Iron Casting
30:17 Gambesons
29:53 Man-at-Arms
31:35 Long Swordsman
35:59 Imperial Age
33:49 Stone Mining
36:13 Stone Shaft Mining
39:06 Block Printing
39:42 Redemption
40:36 Illumination
40:24 Fervor
43:30 Inquisition
43:51 Supremacy
43:23 Elite Conquistador
44:29 Two-Handed Swordsman
44:44 Onager
45:48 Halberdier
53:05 Hoardings
53:20 Capped Ram
60:15 Champion
Connection lost

Rejoining the realm…

Still unreachable

The connection could not be restored.

Session expired

The server has moved on; the page needs a fresh start.